 Dungeon Crawl Stone Soup version 0.27-a0-46-g34d46f0a3f (webtiles) character file.

Game seed: 3534399447518102689

182 Borgoz the Ducker (level 5, -1/36 HPs)
             Began as a Halfling Gladiator on Jan 7, 2021.
             Slain by a scorpion (5 damage)
             ... on level 3 of the Dungeon.
             The game lasted 00:02:33 (2885 turns).

Borgoz the Ducker (Halfling Gladiator)              Turns: 2885, Time: 00:02:33

Health: -1/36      AC:  6    Str: 13 (16) XL:     5   Next: 93%
Magic:  5/5        EV: 15    Int:  4 (6)  God:
Gold:   176        SH:  0    Dex: 15 (16) Spells: 4/4 levels left

rFire    . . .     SeeInvis .   a - +0 long sword
rCold    . . .     Faith    .   (shield restricted)
rNeg     . . .     Spirit   .   r - +0 ring mail
rPois    .         Reflect  .   c - +0 helmet
rElec    .         Harm     .   (no cloak)
rCorr    .         Rampage  .   (no gloves)
Will     .....                  (no boots)
Stlth    +.........             (no amulet)
HPRegen  0.12/turn              (no ring)
MPRegen  0.09/turn              (no ring)

@: no status effects
A: small, mutation resistance 1
a: no special abilities


You were on level 3 of the Dungeon.
You visited 1 branch of the dungeon, and saw 4 of its levels.

You collected 176 gold pieces.

Inventory:

Hand Weapons
 a - a +0 long sword (weapon)
 b - a +1 dagger of venom
Missiles
 d - 3 throwing nets (quivered)
Armour
 c - a +0 helmet (worn)
 r - a +0 ring mail (worn)
Scrolls
 e - 13 scrolls of identify {unknown}
 f - 4 scrolls of blinking {unknown}
 g - a scroll of magic mapping {unknown}
 h - 2 scrolls of amnesia {unknown}
 o - 2 scrolls of enchant weapon {unknown}
 p - 3 scrolls of remove curse {unknown}
 q - a scroll of fear {unknown}
 s - a scroll of teleportation {unknown}
 t - a scroll of fog {unknown}
Potions
 i - a potion of invisibility {unknown}
 j - a potion of heal wounds {unknown}
 l - a potion of attraction {unknown}
 m - a potion of might {unknown}
 n - a potion of degeneration
 u - 2 potions of resistance {unknown}
 v - a potion of berserk rage {unknown}


   Skills:
 * Level 3.4 Fighting
 + Level 3.8 Long Blades
 - Level 2.0 Throwing
 + Level 2.3 Armour
 + Level 4.1 Dodging


You had 4 spell levels left.
You didn't know any spells.
Your spell library was empty.

Dungeon Overview and Level Annotations

Branches:
Dungeon (4/15)
 Temple: D:4-7

Altars:


Innate Abilities, Weirdness & Mutations

You are small and have problems with some larger weapons.
You are somewhat resistant to further mutation.


Message History

You feel sick.
* * * LOW HITPOINT WARNING * * *
You feel sick.
The quokka bites you but does no damage.
* * * LOW HITPOINT WARNING * * *
You feel sick.
* * * LOW HITPOINT WARNING * * *
You feel sick.
* * * LOW HITPOINT WARNING * * *
You feel sick.
You feel better.
The quokka bites you but does no damage.
The scorpion stings you.
* * * LOW HITPOINT WARNING * * *
The quokka closely misses you.
You riposte.
You closely miss the quokka.
The quokka is almost dead.
You hit the scorpion but do no damage.
The scorpion is severely wounded.
The scorpion stings you.
You die...

#...#####.........#########
#...............##........#
#####...#####.>.....###.......#
#...........#.......###.......#
..........).........#.........#
#...................#.#.......#
#####...####....r...#.#.......#
#.........##s####.#.......#
#...#.......@# #.#########
#...#.##.##..####.##### ###
##.##.##..............# ##.##
#.##.#####.#########.###...#
#.##.#####.# #.##.....
#####.##.).....# #.###...#
#........#.##### #.####.##
##..######.#### #......#
....###.......# ########


You could see a scorpion and a quokka.

Vanquished Creatures
  A scorpion (D:4)
  Jessica (D:2)
  Natasha (D:3)
  2 adders
  An ooze (D:1)
  3 worms
  2 dart slugs (D:1)
  A leopard gecko (D:3)
  6 bats
  5 giant cockroaches
  5 hobgoblins
  A frilled lizard (D:2)
  5 goblins
  12 kobolds
  9 rats
55 creatures vanquished.

Notes
Turn   | Place    | Note
-------+----------+-------------------------------------------
     0 | D:1      | Borgoz the Halfling Gladiator began the quest for the Orb.
     0 | D:1      | Reached XP level 1. HP: 14/14 MP: 1/1
   207 | D:1      | Reached XP level 2. HP: 19/19 MP: 2/2
   388 | D:1      | Reached XP level 3. HP: 21/24 MP: 3/3
   391 | D:1      | Reached skill level 1 in Armour
  1281 | D:2      | Reached XP level 4. HP: 30/30 MP: 4/4
  1443 | D:2      | Noticed Jessica
  1445 | D:2      | Killed Jessica
  1662 | D:3      | Noticed Natasha
  1674 | D:3      | Killed Natasha
  1675 | D:3      | Reached skill level 4 in Dodging
  1675 | D:3      | Reached XP level 5. HP: 12/36 MP: 5/5
  2885 | D:3      | Slain by a scorpion

Illustrated notes

Levels and vault maps discovered:
D:1:      dpeg_arrival_oval, layout_rooms, serial_bayou_crossing
D:2:      layout_loops_cross, minmay_domino_2, uniq_jessica
D:3:      layout_loops_cross, uniq_natasha
D:4:      layout_cave_pods, chequers_temple_overflow_statue_of_worship,
          minmay_temple_entry_butterflies, uniq_edmund

Skill      XL: |  1  2  3  4  5 |
---------------+----------------+-----
Fighting       | 2 3 |  3.4
Armour         | 1 2 |  2.3
Dodging        | 4 |  4.1
Long Blades    | |  3.8
Throwing       | |  2.0

Action                   |  1- 3 |  4- 6 || total
-------------------------+-------+-------++-------
Melee: Long sword        |    89 |    84 ||   173
  Use: Potion            |       |     5 ||     5
 Stab: Sleeping          |     1 |       ||     1
Armor: Leather armour    |    17 |       ||    17
       Ring mail         |     2 |    37 ||    39
Dodge: Dodged            |    75 |    86 ||   161
       Rpst.: Long sword |    18 |    33 ||    51

Table legend: (Time is in decaauts)
 A = Elapsed time spent in this place.
 B = Non-inter-level travel time spent in this place.
 C = Inter-level travel time spent in this place.
 D = Time resting spent in this place.
 E = Time spent auto-exploring this place.
 F = Levels seen in this place.
 G = Mean time per level.
                   A        B        C        D        E       F      G
               +--------+--------+--------+--------+--------+-----+--------+
         Total |   2932 |   2866 |     66 |    571 |   1853 |   4 |  733.0 |
       Dungeon |   2932 |   2866 |     66 |    571 |   1853 |   4 |  733.0 |
               +--------+--------+--------+--------+--------+-----+--------+

Top non-repeatable levels by time:
     D:3: 1219 daAuts
     D:1: 893 daAuts
     D:2: 631 daAuts
     D:4: 187 daAuts
